 Dungeon Crawl Stone Soup version 0.25.1-2-g60ff931df9 (webtiles) character file.

Game seed: 11173849304867043034

1187 Exodus22XD the Poker (level 8, 0/60 HPs)
             Began as a Demonspawn Gladiator on Nov 7, 2020.
             Was a Follower of Uskayaw.
             Slain by a red ugly thing (7 damage)
             ... on level 8 of the Dungeon.
             The game lasted 00:08:11 (5552 turns).

Exodus22XD the Poker (Demonspawn Gladiator)         Turns: 5552, Time: 00:08:11

Health: 0/60       AC: 15    Str: 16    XL:     8   Next: 19%
Magic:  8/8        EV:  8    Int:  9    God:    Uskayaw [*.....]
Gold:   208        SH: 10    Dex: 16    Spells: 7/7 levels left

rFire    . . .     SeeInvis .   a - +0 trident
rCold    . . .     Gourm    .   z - +0 buckler
rNeg     . . .     Faith    .   l - +0 chain mail (curse)
rPois    .         Spirit   .   c - +0 helmet
rElec    .         Reflect  +   (no cloak)
rCorr    +         Harm     .   u - +0 pair of gloves
MR       .....                  j - +0 pair of boots
Stlth    ..........             n - amulet of reflection
HPRegen  0.20/turn              C - ring of resist corrosion
MPRegen  0.11/turn              s - ring of stealth

@: no status effects
A: claws 2, slimy green scales 2, demonic guardian 1, powered by death 1
a: Stomp, Renounce Religion


You were on level 8 of the Dungeon.
You worshipped Uskayaw.
Uskayaw was noncommittal.
You were not hungry.

You visited 2 branches of the dungeon, and saw 9 of its levels.

You collected 292 gold pieces.
You spent 84 gold pieces at shops.

Inventory:

Hand Weapons
 a - a +0 trident (weapon)
 v - a +3 hand axe
Missiles
 d - 3 throwing nets (quivered)
Armour
 c - a +0 helmet (worn)
 j - a +0 pair of boots (worn)
 l - a cursed +0 chain mail (worn)
 u - a +0 pair of gloves (worn)
 z - a +0 buckler (worn)
Jewellery
 n - an amulet of reflection (around neck)
 s - a ring of stealth (right hand)
 C - a ring of resist corrosion (left hand)
Wands
 x - a wand of paralysis (21)
Scrolls
 e - 2 scrolls of blinking
 k - 5 scrolls of fear
 m - a scroll of fog
 p - 2 scrolls of random uselessness {unknown}
 w - 2 scrolls of teleportation {unknown}
 y - 6 scrolls of remove curse
 A - a scroll of enchant weapon {unknown}
Potions
 b - a potion of cancellation {unknown}
 g - 3 potions of brilliance
 h - a potion of heal wounds
 i - a potion of might {unknown}
 q - 2 potions of stabbing
 r - a potion of curing {unknown}
 t - a potion of berserk rage {unknown}
Comestibles
 f - 11 rations
 B - a chunk of flesh


   Skills:
 + Level 4.1 Fighting
 + Level 6.7 Polearms
 - Level 1.7 Throwing
 + Level 3.3 Armour
 - Level 3.0 Dodging
 + Level 1.8 Stealth
 * Level 3.0 Shields
 * Level 0.7 Invocations


You had 7 spell levels left.
You didn't know any spells.
Your spell library was empty.

Dungeon Overview and Level Annotations

Branches:
Dungeon (9/15)             Temple (1/1) D:5
   Lair: D:8-11         Orc: D:9-12

Altars:
Ashenzari
Cheibriados
Dithmenos
Elyvilon
Fedhas
Gozag
Kikubaaqudgha
Makhleb
Nemelex Xobeh
Okawaru
Qazlal
Ru
Sif Muna
Trog
Uskayaw
Vehumet
Wu Jian
Xom
Yredelemnul
Zin
The Shining One

Shops:
D:5 ?

Annotations:
D:8 Maurice


Innate Abilities, Weirdness & Mutations

You have very sharp fingernails.
You are mostly covered in slimy green scales. (AC +3)
A weak demonic guardian rushes to your aid.
You regenerate a little health from kills.


Message History

Your white imp freezes the red ugly thing.
Your quasit bites the red ugly thing.
Your quasit claws the red ugly thing but does no damage. x2
The hound closely misses you.
Your quasit barely misses the hound.
Your quasit claws the hound.
Your quasit barely misses the hound.
You block the hound's attack.
Your white imp hits the hound.
Your white imp freezes the hound.
Okay, then.
As you read the scroll of fear, it crumbles to dust.
You assume a fearsome visage.
The red ugly thing looks frightened!
Your white imp is unaffected.
The hound looks frightened!
Your quasit is unaffected.
The hound bites your white imp.
Your quasit closely misses the red ugly thing.
Your quasit claws the red ugly thing but does no damage.
Your quasit's attack snaps the red ugly thing out of its fear.
Your quasit barely misses the red ugly thing.
The red ugly thing stings you!
You die...

. #####.#
#.#########.....#
#..............#
.........>....#
#............##
##.....%.>.....#
#...55.........
#...uh.........
#...<@......#..
#.........!.# #
#####...#####
#####


You could see a red ugly thing, a hound (fleeing), a friendly quasit (summoned)
and a friendly white imp (summoned).

Vanquished Creatures
  An ogre (D:8)
  2 sky beasts
  A bullfrog (D:5)
  2 scorpions
  A bullfrog skeleton (D:4)
  A hound (D:4)
  A centaur skeleton (D:5)
  A jelly (D:9)
  Jessica (D:3)
  2 worker ants
  9 gnolls
  8 adders
  2 oozes
  2 adder skeletons
  4 worms
  4 dart slugs
  3 leopard geckos
  3 orcs
  3 giant cockroaches
  11 goblins
  12 hobgoblins
  5 jackals
  8 kobolds
  3 quokkas
  6 bats
  2 frilled lizards
  2 leopard gecko skeletons (D:4)
  5 rats
105 creatures vanquished.

Vanquished Creatures (collateral kills)
  Grinder (D:5)
  A phantom (D:4)
  A bullfrog (D:8)
  A scorpion (D:4)
  A hound (D:4)
  Robin (D:4)
  2 gnolls (D:4)
  6 goblins (D:4)
  A frilled lizard (D:5)
15 creatures vanquished.

Grand Total: 120 creatures vanquished

Notes
Turn   | Place    | Note
-------+----------+-------------------------------------------
     0 | D:1      | Exodus22XD the Demonspawn Gladiator began the quest for the
                  | Orb.
     0 | D:1      | Reached XP level 1. HP: 16/16 MP: 1/1
   337 | D:1      | Reached skill level 3 in Polearms
   337 | D:1      | Gained mutation: A weak demonic guardian rushes to your
                  | aid. [demonic ancestry]
   337 | D:1      | Reached XP level 2. HP: 8/22 MP: 2/2
  1094 | D:2      | Found a radiant altar of Vehumet.
  1124 | D:2      | Gained mutation: You are partially covered in slimy green
                  | scales. (AC +2) [demonic ancestry]
  1124 | D:2      | Reached XP level 3. HP: 26/27 MP: 3/3
  1135 | D:2      | Reached skill level 1 in Armour
  1145 | D:2      | Found a sparkling altar of Nemelex Xobeh.
  1413 | D:2      | Gained mutation: You have sharp fingernails. [demonic
                  | ancestry]
  1413 | D:2      | Reached XP level 4. HP: 23/34 MP: 4/4
  1646 | D:2      | Reached skill level 4 in Polearms
  1801 | D:2      | Found a shimmering blue altar of Sif Muna.
  2337 | D:3      | Gained mutation: You regenerate a little health from kills.
                  | [demonic ancestry]
  2337 | D:3      | Reached XP level 5. HP: 40/40 MP: 5/5
  2842 | D:3      | Noticed Jessica
  2853 | D:3      | Killed Jessica
  2883 | D:3      | Found a sacrificial altar of Ru.
  3121 | D:4      | Noticed Robin
  3142 | D:4      | Killed Robin
  3144 | D:4      | Reached skill level 5 in Polearms
  3164 | D:4      | Reached XP level 6. HP: 47/47 MP: 6/6
  3193 | D:4      | Reached skill level 1 in Stealth
  3628 | D:4      | Found a shattered altar of Ashenzari.
  3751 | D:4      | Reached skill level 1 in Shields
  3937 | D:4      | Found a burning altar of Makhleb.
  3941 | D:4      | Gained mutation: You have very sharp fingernails. [demonic
                  | ancestry]
  3941 | D:4      | Reached XP level 7. HP: 52/52 MP: 7/7
  3969 | D:5      | Entered Level 5 of the Dungeon
  4107 | D:5      | Found a staircase to the Ecumenical Temple.
  4154 | Temple   | Entered the Ecumenical Temple
  4430 | D:5      | Noticed Grinder
  4447 | D:5      | Killed Grinder
  4447 | D:5      | Reached skill level 6 in Polearms
  4822 | D:5      | Found Naurokou's Magic Scroll Shoppe.
  4834 | D:5      | Bought a scroll of identify for 28 gold pieces
  4845 | D:5      | Bought a scroll of identify for 28 gold pieces
  4845 | D:5      | Bought a scroll of identify for 28 gold pieces
  5320 | D:6      | You fall into a shaft and drop 3 floors!
  5341 | D:8      | Gained mutation: You are mostly covered in slimy green
                  | scales. (AC +3) [demonic ancestry]
  5341 | D:8      | Reached XP level 8. HP: 60/60 MP: 8/8
  5383 | D:8      | Noticed a hippogriff
  5384 | D:8      | Noticed Maurice
  5443 | D:9      | Found a hide-covered altar of Uskayaw.
  5451 | D:9      | Became a worshipper of Uskayaw the Reveler
  5482 | D:9      | Reached * piety under Uskayaw
  5513 | D:9      | Reached ** piety under Uskayaw
  5539 | D:8      | Noticed a red ugly thing
  5552 | D:8      | Slain by a red ugly thing

Illustrated notes

Levels and vault maps discovered:
D:1:      shiori_arrival_maze, layout_basic
D:2:      layout_basic, nemelex_xobeh_ov_fountains_minmay, lemuel_crystal_altar,
          lemuel_blue_sif_altar
D:3:      cheibrodos_helix_gallery, layout_loops_ring, hangedman_ru_absence,
          uniq_jessica
D:4:      layout_loops_cross, lemuel_round_altar, makhleb_heckhound_becter,
          first_ration, uniq_robin
D:5:      layout_basic, temple_green, serial_shops, shop_scrolls, uniq_grinder
D:6:      layout_rooms, overflow_temple_1_default, serial_shops,
          nicolae_shop_waterfront
D:8:      layout_cave_pods, uniq_maurice
D:9:      layout_big_octagon, lemuel_coloured_pillars_altar
Temple:   regret_index_temple_waves

Skill      XL: |  1  2  3  4  5  6  7  8 |
---------------+-------------------------+-----
Polearms       | 3 4 5 6 |  6.7
Dodging        | 3 |  3.0
Armour         | 1 2 3 |  3.3
Fighting       | 3 4 |  4.1
Stealth        | 1 |  1.8
Shields        | 1 2 3 |  3.0
Throwing       | |  1.7
Invocations    | |  0.7

Action                   |  1- 3 |  4- 6 |  7- 9 || total
-------------------------+-------+-------+-------++-------
Melee: Trident           |   131 |   256 |   112 ||   499
  Use: Scroll            |       |       |     8 ||     8
 Stab: Distracted        |       |     4 |     1 ||     5
  Eat: Chunk             |     2 |     8 |     5 ||    15
Armor: Leather armour    |     8 |       |       ||     8
       Chain mail        |    39 |   124 |    47 ||   210
Dodge: Dodged            |    40 |    61 |    20 ||   121
Block: Other             |       |    30 |       ||    30
       Reflection        |       |     1 |       ||     1
       Buckler           |       |    16 |    32 ||    48
